 Dungeon Crawl Stone Soup version 0.30.1-4-g462c640d31 (webtiles) character file.

Game seed: 5572799325496905963

12686 joakim the Spear-Bearer (level 11, -36/79 HPs)
             Began as a Minotaur Berserker on Aug 15, 2023.
             Was a High Priest of Trog.
             Killed from afar by a lich (53 damage)
             ... with a bolt of cold
             ... on level 3 of the Abyss.
             The game lasted 00:33:19 (11776 turns).

joakim the Spear-Bearer (Minotaur Berserker)       Turns: 11776, Time: 00:33:19

Health: -36/79     AC: 18    Str: 33 (34) XL:     11   Next: 65%
Magic:  7/7        EV: 11    Int:  4      God:    Trog [*****.]
Gold:   2013       SH:  5    Dex: 10 (11) Spells: 10/10 levels left

rFire   . . .        O - +3 scimitar (flame)
rCold   . . .        (no shield)
rNeg    . . .        B - +4 chain mail
rPois   .            (helmet restricted)
rElec   .            E - +1 cloak
rCorr   .            (no gloves)
SInv    .            (no boots)
Will    +....        a - amulet "Guiceoh" {Reflect Fly SH+5} Stlth
                     b - ring of Salvation {Will+ Str+5 Dex+2}
HPRegen 0.33/turn    K - +6 ring of strength
MPRegen 0.10/turn

%: random rage (9%), reflection
@: on berserk cooldown, flying, slowed, unable to drink, very slow
A: horns 2, retaliatory headbutt, [berserk 2], [deterioration 2], [frail 2],
[low MP 2], [screaming 2], [weak 2], [subdued magic 2], [inability to drink
after injury 2]
a: Renounce Religion, Berserk, Trog's Hand, Brothers in Arms


You were on level 3 of the Abyss.
You worshipped Trog.
Trog was extremely pleased with you.
You visited 2 branches of the dungeon, and saw 11 of its levels.
You visited the Abyss 1 time.
You also visited: Ossuary.

You collected 2013 gold pieces.

Inventory:

Hand Weapons
 l - a +1 mace of holy wrath
 r - a +5 halberd
 M - a +3 great sword
 O - a +3 scimitar of flaming (weapon)
Armour
 B - a +4 chain mail (worn)
 E - a +1 cloak (worn)
Jewellery
 a - the amulet "Guiceoh" (around neck) {Reflect Fly SH+5}
   (You acquired it on level 3 of the Abyss)

   [amulet of reflection]

   It reflects blocked missile attacks.
   Fly:       It grants you flight.
   SH:        It affects your SH (+5).
 b - the ring of Salvation (left hand) {Will+ Str+5 Dex+2}
   (You acquired it on level 3 of the Abyss)

   [ring of willpower]

   Str:       It affects your strength (+5).
   Dex:       It affects your dexterity (+2).
   Will:      It increases your willpower.
 s - a ring of fire
 J - a ring of protection from cold
 K - a +6 ring of strength (right hand)
Wands
 i - a wand of charming (22)
 F - a wand of flame (32)
 N - a wand of polymorph (8)
Scrolls
 d - 6 scrolls of fog
 g - a scroll of teleportation
 q - 4 scrolls of amnesia
 v - 2 scrolls of fear
 G - 3 scrolls of torment
Potions
 c - a potion of might
 e - 5 potions of curing
 f - 2 potions of invisibility {unknown}
 j - 3 potions of cancellation
 m - 4 potions of brilliance
 t - a potion of berserk rage {unknown}
 u - 2 potions of mutation {unknown}
 w - 4 potions of attraction
 x - 2 potions of degeneration {unknown}
 z - 2 potions of magic {unknown}
 A - 3 potions of heal wounds
 C - 4 potions of flight
 H - 2 potions of resistance {unknown}
 I - 2 potions of haste


   Skills:
 + Level 10.0 Fighting
 + Level 8.8 Long Blades
 + Level 3.0 Maces & Flails
 + Level 13.3 Polearms
 + Level 11.6 Armour
 + Level 5.7 Dodging
 + Level 1.2 Stealth


You had 10 spell levels left.
You didn't know any spells.
Your spell library was empty.

Dungeon Overview and Level Annotations

Branches:
Dungeon (10/15)            Temple (1/1) D:5            Lair (0/5) D:10
Ossuary (visited)
    Orc: D:9-12

Altars:
Ashenzari
Cheibriados
Dithmenos
Elyvilon
Fedhas
Gozag
Hepliaklqana
Kikubaaqudgha
Makhleb
Nemelex Xobeh
Okawaru
Qazlal
Ru
Sif Muna
Trog
Uskayaw
Vehumet
Wu Jian
Xom
Yredelemnul
Zin
The Shining One

Shops:
D:6 *


Innate Abilities, Weirdness & Mutations

You have a pair of horns on your head.
You reflexively headbutt those who attack you in melee.
[You have an uncontrollable temper.]
[Your body often deteriorates upon taking damage.]
[You are very frail. (-20% HP)]
[Your magical capacity is very low. (-20% MP)]
[You frequently scream uncontrollably at your foes.]
[You are very weak. (Str -4)]
[Your spells are easier to cast, but less powerful.]
[You sometimes lose the ability to drink potions when taking damage.]


Message History

You feel your anger nearly subside.
You are no longer berserk.
You are exhausted.
You feel yourself slow down.
A hellion comes into view.
The hellion gestures at you.
The sphere of damnation explodes!
The damnation engulfs you!!
Something tries to affect you, but you resist.
The hellion gestures at you.
The sphere of damnation explodes!
The damnation engulfs you!!
You feel threatened and lose the ability to drink potions!
Your body deteriorates!
You feel clumsy.
Something tries to affect you, but you resist.
The hellion barely misses you. You furiously retaliate!
You headbutt the hellion! You barely miss the hellion.
The hellion is moderately wounded.
The hellion closely misses you.
You slash the hellion! You burn the hellion.
The hellion is severely wounded.
The hellion hits you but does no damage.
The hellion barely misses you.
You completely miss the hellion. You headbutt the hellion!
You kill the hellion!
Trog accepts your kill.
Something touches you but does no damage. x2
Your Fighting skill increases to level 10!
Something touches you but does no damage.
Something conjures a glowing orb.
An orb of destruction comes into view.
The wavering orb of destruction hits you!!
* * * LOW HITPOINT WARNING * * *
Your body deteriorates!
You feel weakened.
You hear some strange, mumbled words.
You cannot drink potions in your current state!
Something touches you but does no damage.
You hear some strange, mumbled words.
A bolt of cold appears from out of thin air!
The bolt of cold hits you!!!
Ouch! That really hurt!
You die...

#.. # #..# ..#.
...# #..###...#
#...##...#
#..##...#
###.......## .
###.>........## ..
#....@.{......#..#
#..###..#°......#
### ##.......##.
.. ###.....##
..#.#..###....# ..
. .....#...# ..
.... ....##.#
........ .....##
### # ##......#


There were no monsters in sight!

Vanquished Creatures
  Erica (D:10)
  2 death yaks (D:9)
  A two-headed ogre (D:9)
  Amaemon (D:8)
  A wizard (D:10)
  Pikel (D:7)
  2 deep elf zephyrmancers (D:10)
  Joseph (D:8)
  An orange demon (D:8)
  A hellion (Abyss:3)
  A hornet (D:7)
  Grinder (D:6)
  3 shadows
  2 wraiths
  4 yaks (D:7)
  A chaos spawn (Abyss:3)
  3 steam dragons
  Edmund (D:6)
  A large abomination (Abyss:3)
  An acid dragon (D:10)
  A water moccasin (D:7)
  5 orc warriors
  2 ice beasts (D:6)
  A black bear (D:6)
  3 sky beasts
  An ogre (D:10)
  2 centaurs (D:8)
  4 lemures (D:7)
  3 phantoms
  A kobold brigand (D:9)
  6 bullfrogs
  3 scorpions
  9 wights
  4 howler monkeys
  A human zombie (Ossuary)
  A jelly (D:8)
  5 hounds
  A gnoll bouda (D:6)
  7 orc priests
  Crazy Yiuf (D:5)
  3 iguanas
  A hell rat (D:9)
  8 orc wizards
  4 mummies (Ossuary)
  Robin (D:3)
  4 gnolls (D:6)
  10 adders
  2 river rats
  A shadow imp (D:8)
  A white imp (D:8)
  An ufetubus (D:6)
  6 dart slugs
  58 orcs
  10 ball pythons
  4 endoplasms
  A giant cockroach (D:3)
  A gnoll zombie (Ossuary)
  11 goblins
  10 hobgoblins
  4 jackals
  4 quokkas
  5 bats
  A frilled lizard (D:1)
  3 goblin zombies (Ossuary)
  3 hobgoblin zombies (Ossuary)
  A jackal zombie (Ossuary)
  14 kobolds
  10 rats
  3 rat zombies (Ossuary)
276 creatures vanquished.

Vanquished Creatures (collateral kills)
  A death yak (D:9)
1 creature vanquished.

Vanquished Creatures (others)
  2 foxfires (Abyss:3)
  2 starspawn tentacles (Abyss:3)
4 creatures vanquished.

Grand Total: 281 creatures vanquished

Notes
Turn   | Place    | Note
-------+----------+-------------------------------------------
     0 | D:1      | joakim the Minotaur Berserker began the quest for the Orb.
     0 | D:1      | Reached XP level 1. HP: 19/19 MP: 0/0
   241 | D:1      | Reached XP level 2. HP: 25/27 MP: 1/1
  1163 | D:2      | Reached ** piety under Trog
  1164 | D:2      | Reached XP level 3. HP: 33/33 MP: 2/2
  1479 | D:2      | Reached XP level 4. HP: 41/41 MP: 3/3
  1841 | D:2      | Reached skill level 5 in Long Blades
  1945 | D:3      | Noticed Robin
  2157 | D:3      | Killed Robin
  2582 | D:3      | Found a blossoming altar of Fedhas.
  2674 | D:3      | Reached XP level 5. HP: 44/47 MP: 4/4
  2992 | D:3      | Reached *** piety under Trog
  3675 | D:4      | Reached XP level 6. HP: 53/53 MP: 5/5
  3677 | D:4      | Found a broken altar of Ashenzari.
  3840 | D:4      | Reached skill level 1 in Polearms
  3962 | D:5      | Entered Level 5 of the Dungeon
  3979 | D:5      | Found a snail-covered altar of Cheibriados.
  4072 | D:5      | Reached skill level 2 in Polearms
  4149 | D:5      | Reached skill level 3 in Polearms
  4208 | D:5      | Found a sparkling altar of Nemelex Xobeh.
  4239 | D:5      | Reached skill level 5 in Fighting
  4239 | D:5      | Reached XP level 7. HP: 58/61 MP: 6/6
  4319 | D:5      | Found a staircase to the Ecumenical Temple.
  4370 | Temple   | Entered the Ecumenical Temple
  4573 | D:5      | Found a radiant altar of Vehumet.
  4573 | D:5      | Found a white marble altar of Elyvilon.
  4573 | D:5      | Found a sacrificial altar of Ru.
  4647 | D:5      | Found a shimmering blue altar of Sif Muna.
  4710 | D:5      | Reached skill level 4 in Polearms
  4762 | D:5      | Found a runed translucent door.
  4763 | D:5      | Noticed Crazy Yiuf
  4768 | D:5      | Killed Crazy Yiuf
  4916 | D:6      | Reached skill level 5 in Armour
  4978 | D:6      | Noticed Grinder
  4995 | D:6      | Killed Grinder
  4996 | D:6      | Reached skill level 5 in Polearms
  5000 | D:6      | Identified 3 scrolls of acquirement
  5104 | D:6      | Found Peecioq's Gadget Gallery.
  5180 | D:6      | Found a sand-covered staircase.
  5185 | D:6      | Reached skill level 6 in Polearms
  5185 | D:6      | Reached XP level 8. HP: 51/69 MP: 7/7
  5265 | Ossuary  | Entered an ossuary
  5273 | Ossuary  | Reached **** piety under Trog
  5794 | D:6      | Noticed Edmund
  5808 | D:6      | Killed Edmund
  5809 | D:6      | Reached skill level 7 in Polearms
  5983 | D:6      | Reached skill level 8 in Polearms
  5988 | D:6      | Noticed Pikel
  6031 | D:7      | Killed Pikel
  6032 | D:7      | Reached skill level 9 in Polearms
  6032 | D:7      | Reached XP level 9. HP: 78/78 MP: 8/8
  6600 | D:7      | Reached skill level 10 in Polearms
  7173 | D:7      | Reached skill level 11 in Polearms
  7185 | D:7      | Reached XP level 10. HP: 70/88 MP: 9/9
  7537 | D:8      | Noticed Amaemon
  7537 | D:8      | Noticed Joseph
  7541 | D:8      | Noticed an orange demon
  7928 | D:8      | Killed Amaemon
  7937 | D:8      | Killed Joseph
  7938 | D:8      | Reached skill level 12 in Polearms
  7942 | D:8      | Killed an orange demon
  8799 | D:8      | Found a shadowy altar of Dithmenos.
  8799 | D:8      | Found a stormy altar of Qazlal.
  9305 | D:9      | Reached skill level 5 in Dodging
  9310 | D:9      | Noticed a two-headed ogre
  9317 | D:9      | Killed a two-headed ogre
  9318 | D:9      | Reached skill level 13 in Polearms
  9318 | D:9      | Reached skill level 10 in Armour
  9318 | D:9      | Reached skill level 1 in Stealth
  9483 | D:9      | Reached ***** piety under Trog
  9835 | D:10     | Entered Level 10 of the Dungeon
  9835 | D:10     | Noticed Erica
  9842 | D:10     | Killed Erica
  9843 | D:10     | Reached XP level 11. HP: 97/97 MP: 10/10
  9857 | D:10     | Found a staircase to the Lair.
  9857 | D:10     | Noticed a death yak
  9857 | D:10     | Noticed a death yak
  9857 | D:10     | Noticed a death yak
  9858 | D:10     | Noticed a deep elf zephyrmancer
  9890 | D:9      | Killed a death yak
 10237 | D:9      | Killed a death yak
 10408 | D:9      | Killed a death yak
 10693 | D:10     | Killed a deep elf zephyrmancer
 10897 | D:10     | Noticed a deep elf zephyrmancer
 10905 | D:10     | Killed a deep elf zephyrmancer
 11275 | D:10     | Noticed a wizard
 11289 | D:10     | Killed a wizard
 11548 | D:10     | Noticed a wizard
 11565 | Abyss:3  | Cast into level 3 of the Abyss (a wizard)
 11600 | Abyss:3  | Found a corrupted altar of Lugonu.
 11605 | Abyss:3  | Noticed a wretched star
 11653 | Abyss:3  | Noticed a tentacled starspawn
 11676 | Abyss:3  | Noticed a necromancer
 11708 | Abyss:3  | Acquired the amulet "Guiceoh" {Reflect Fly SH+5}
 11715 | Abyss:3  | Acquired 729 gold pieces
 11716 | Abyss:3  | Acquired 681 gold pieces
 11717 | Abyss:3  | Acquired the ring of Salvation {Will+ Str+5 Dex+2}
 11743 | Abyss:3  | Noticed a lich
 11773 | Abyss:3  | Reached skill level 10 in Fighting
 11776 | Abyss:3  | Killed from afar by a lich

Illustrated notes

Levels and vault maps discovered:
D:1:      arrival_zaba_pyramid, layout_loops_corners, feat_on_display
D:2:      layout_loops_ring, kennysheep_generic_room_12
D:3:      layout_rooms, mainiacjoe_overflow_24_doors, roderic_roman_lattice,
          corexii_corridor_pit, chequers_hall_statues_corner_a,
          minmay_misc_feat_tower, uniq_robin
D:4:      layout_basic, mainiacjoe_overflow_paths
D:5:      layout_basic, lemuel_blue_sif_altar, mainiacjoe_overflow_catwalk,
          nemelex_altar_shiori, gammafunk_temple_overflow_claw, temple_statues,
          minmay_misc_feat_five, kennysheep_generic_room_16,
          uniq_crazy_yiuf_cottage
D:6:      layout_basic, lightli_ossuary_entry_decrepit_ruins,
          nicolae_shop_gadgets, uniq_edmund, uniq_grinder, uniq_pikel
D:7:      layout_cave_pods
D:8:      layout_cave_pods, gammafunk_temple_overflow_wave, uniq_amaemon,
          uniq_joseph
D:9:      layout_irregular_city
D:10:     layout_roguey, dpeg_lair_monsters, special_room [special_room_orc],
          chequers_serial_rivers_micro_d, bh_hangedman_babel_library, uniq_erica
Temple:   hellmonk_temple_two_chambers
Abyss:3:  base: D:8, hangedman_grunt_abyss_rune_horror_hoard,
          evilmike_abyss_exit_plants, hangedman_abyss_rune_macabre_mess,
          bh_abyss_xom_lugonu_altar, patterned_corridor

Skill      XL: |  1  2  3  4  5  6  7  8  9 10 11 |
---------------+----------------------------------+-----
Long Blades    | 4 5 8 |  8.8
Fighting       | 4 5 6 7 9 10 | 10.0
Armour         | 3 4 5 6 8 10 11 | 11.6
Dodging        | 3 4 5 |  5.7
Maces & Flails | 2 3 |  3.0
Polearms       | 3 6 9 11 13 | 13.3
Stealth        | 1 |  1.2

Action                     |  1- 3 |  4- 6 |  7- 9 | 10-12 || total
---------------------------+-------+-------+-------+-------++-------
  Melee: Falchion          |    78 |    26 |       |       ||   104
         Headbutt          |     6 |    17 |    27 |    67 ||   117
         Mace              |       |    77 |       |       ||    77
         Halberd           |       |    60 |   191 |   119 ||   370
         Punch             |       |     2 |       |     2 ||     4
         Great sword       |       |       |       |    29 ||    29
         Scimitar          |       |       |       |   158 ||   158
 Invoke: Berserk           |       |       |     2 |     5 ||     7
         Brothers in Arms  |       |       |       |     1 ||     1
    Use: Scroll            |       |     1 |    12 |    11 ||    24
         Potion            |       |       |       |     2 ||     2
 Armour: Animal skin       |    11 |       |       |       ||    11
         Ring mail         |    29 |    31 |       |       ||    60
         Chain mail        |       |    60 |   125 |   250 ||   435
  Dodge: Dodged            |    52 |    90 |   106 |   205 ||   453
